 Dungeon Crawl Stone Soup version 0.28-a0-631-g0446da8ef9 (webtiles) character file.

Game seed: 10164476891832969139

143157 barkas the Warrior (level 17, -2/174 HPs)
             Began as a Naga Venom Mage on Oct 9, 2021.
             Was a High Priest of Vehumet.
             Hit by a javelin thrown by a merfolk javelineer (11 damage)
             ... on level 4 of the Shoals.
             The game lasted 01:11:19 (40830 turns).

barkas the Warrior (Naga Venom Mage)               Turns: 40830, Time: 01:11:20

Health: -2/174     AC: 18    Str: 14    XL:     17   Next: 37%
Magic:  31/38      EV: 12    Int: 23    God:    Vehumet [*****.]
Gold:   1729       SH: 11    Dex: 13    Spells: 3/32 levels left

rFire   + + .      SeeInvis +   a - +0 dagger (elec)
rCold   x . .      Faith    .   T - +0 kite shield
rNeg    . . .      Spirit   .   W - +1 fire dragon scales of Darkness {rF++ rC- Int+5}
rPois   +          Reflect  .   s - +2 hat
rElec   .          Harm     .   G - +2 cloak {Stlth+}
rCorr   .          Rampage  .   V - +2 pair of gloves
Will    ++...                   (no barding)
Stlth   +++++.....              N - amulet of magic regeneration
HPRegen 0.39/turn               E - ring of magical power
MPRegen 0.51/turn               H - +4 ring of evasion

@: about to teleport, very slow
A: AC +5, large, see invisible, deformed body, poison resistance, slowness 2,
spit poison 1, naga tail 2
a: Spit Poison, Renounce Religion


You were on level 4 of the Shoals.
You worshipped Vehumet.
Vehumet was extremely pleased with you.
You visited 5 branches of the dungeon, and saw 28 of its levels.
You also visited: Ice Cave.

You collected 2474 gold pieces.
You spent 745 gold pieces at shops.

Inventory:

Hand Weapons
 a - a +0 dagger of electrocution (weapon)
 b - the +7 whip "Lifebane" {spect, *Slow Will+++ Dex-3 SInv}
   (You found it in an ice cave)

   When its wielder attacks, the weapon's spirit leaps out and strikes again.
   The spirit shares a part of any damage it takes with its wielder.
   Dex:       It affects your dexterity (-3).
   SInv:      It lets you see invisible.
   *Slow:     It may slow you when you take damage.
   Will:      It greatly increases your willpower.
 m - a +2 demon trident of venom
 J - a +3 broad axe of venom
 X - a +1 scimitar of flaming
Missiles
 e - 43 poisoned darts (quivered)
 I - 5 curare-tipped darts
 P - 10 throwing nets
 U - 9 boomerangs of dispersal
Armour
 s - a +2 hat (worn)
 t - a +0 tower shield
 G - a +2 cloak of stealth (worn)
 T - a +0 kite shield (worn)
 V - a +2 pair of gloves (worn)
 W - the +1 fire dragon scales of Darkness (worn) {rF++ rC- Int+5}
   (You found it on level 11 of the Dungeon)

   Int:       It affects your intelligence (+5).
   rF:        It greatly protects you from fire.
   rC:        It makes you vulnerable to cold.
Jewellery
 D - a ring of protection from cold
 E - a ring of magical power (left hand)
 H - a +4 ring of evasion (right hand)
 M - a ring of fire
 N - an amulet of magic regeneration (around neck)
 O - a ring of willpower
 Z - a ring of flight
Wands
 d - a wand of flame (54)
 k - a wand of mindburst (14)
 l - a wand of digging (13)
 u - a wand of paralysis (5)
 v - a wand of iceblast (26)
 A - a wand of charming (8)
 Q - a wand of acid (27)
Scrolls
 n - 2 scrolls of blinking
 p - 4 scrolls of teleportation
 r - 3 scrolls of vulnerability
 w - a scroll of silence
 x - 3 scrolls of magic mapping
 y - a scroll of torment
 z - 3 scrolls of amnesia
 B - 4 scrolls of fear
 L - 2 scrolls of immolation
Potions
 c - 2 potions of resistance
 f - 7 potions of attraction
 g - 5 potions of flight
 h - 2 potions of lignification
 i - 10 potions of curing
 j - 5 potions of haste
 q - 3 potions of magic
 C - a potion of cancellation
 F - 2 potions of brilliance
 K - a potion of invisibility
 R - a potion of mutation
 S - 2 potions of heal wounds
 Y - 3 potions of berserk rage
Miscellaneous
 o - a condenser vane


   Skills:
 + Level 16.4 Fighting
 * Level 3.3 Axes
 - Level 6.0 Dodging
 - Level 15.0 Stealth
 + Level 10.6 Shields
 - Level 8.0 Spellcasting
 + Level 9.5 Conjurations
 + Level 7.9 Summonings
 - Level 2.0 Transmutations
 + Level 9.5 Fire Magic
 - Level 3.0 Air Magic
 - Level 13.0 Poison Magic


You had 3 spell levels left.
You knew the following spells:

 Your Spells              Type           Power      Damage    Failure   Level
a - Sting                 Tmut/Pois      100%       1d8       1%          1
b - Poisonous Vapours     Pois/Air       92%        N/A       1%          2
c - Olgreb's Toxic Radia  Pois           62%        N/A       1%          4
d - Mephitic Cloud        Conj/Pois/Air  48%        N/A       1%          3
e - Ignite Poison         Fire/Tmut/Pois 46%        N/A       1%          3
f - Sticky Flame          Conj/Fire      52%        2d7       2%          4
g - Fireball              Conj/Fire      26%        3d12      7%          5
h - Spellforged Servitor  Conj/Summ      24%        N/A       90%         7

Your spell library contained the following spells:

 Spells                   Type           Power      Damage    Failure   Level
 Conjure Ball Lightning   Conj/Air       19%        3x3d6     73%         6
 Foxfire                  Conj/Fire      100%       2x1d9     1%          1
 Magic Dart               Conj           100%       1d8       1%          1
 Scorch                   Fire           100%       2d10      1%          2
 Conjure Flame            Conj/Fire      52%        6-21      1%          3
 Call Imp                 Summ           45%        N/A       2%          2
 Call Canine Familiar     Summ           45%        N/A       4%          3
 Inner Flame              Hex/Fire       31%        N/A       5%          3
 Frozen Ramparts          Ice            18%        1d3       30%         3
 Corpse Rot               Necr/Air       N/A        N/A       34%         2
 Blink                    Tloc           N/A        N/A       54%         2
 Ensorcelled Hibernation  Hex/Ice        18%        N/A       54%         2
 Ozocubu's Armour         Ice            9%         N/A       77%         3
 Portal Projectile        Hex/Tloc       18%        N/A       77%         3
 Tukima's Dance           Hex            9%         N/A       77%         3
 Flame Wave               Conj/Fire      52%        3d10      2%          4
 Iskenderun's Battlesphe  Conj           52%        2d10      7%          5
 Lightning Bolt           Conj/Air       19%        1d33      22%         5
 Airstrike                Air            11%        N/A       30%         4
 Starburst                Conj/Fire      26%        6d8       32%         6
 Summon Lightning Spire   Summ/Air       34%        N/A       41%         4
 Eringya's Noxious Bog    Tmut/Pois      21%        N/A       56%         6
 Animate Armour           Summ/Erth      54%        N/A       63%         4
 Summon Ice Beast         Ice/Summ       27%        N/A       63%         4
 Iron Shot                Conj/Erth      15%        9d4       89%         6
 Summon Forest            Summ/Tloc      13%        N/A       93%         5
 Ice Form                 Ice/Tmut       13%        N/A       95%         4
 Animate Dead             Necr           4%         N/A       99%         4
 Cause Fear               Hex            4%         N/A       99%         4
 Leda's Liquefaction      Hex/Erth       4%         N/A       99%         4
 Passage of Golubria      Tloc           N/A        N/A       99%         4
 Blade Hands              Tmut           9%         N/A       99%         5
 Silence                  Hex/Air        8%         N/A       99%         5
 Manifold Assault         Tloc           9%         N/A       100%        5
 Haunt                    Necr/Summ      13%        N/A       100%        7
 Ozocubu's Refrigeration  Ice            4%         4d5       100%        7
 Storm Form               Tmut/Air       10%        N/A       100%        7
 Summon Hydra             Summ           22%        N/A       100%        7
 Discord                  Hex            4%         N/A       100%        8
 Infestation              Necr           4%         N/A       100%        8
 Lehudib's Crystal Spear  Conj/Erth      15%        10d5      100%        8
 Maxwell's Capacitive Co  Air            11%        ∞         100%        8
 Fire Storm               Conj/Fire      26%        8d7       100%        9


Dungeon Overview and Level Annotations

Branches:
Dungeon (15/15)            Temple (1/1) D:4            Lair (6/6) D:11
 Shoals (4/4) Lair:4       Spider (0/4) Lair:4        Slime (0/5) Lair:5
    Orc (2/2) D:12            Elf (0/3) Orc:2        Vaults (0/5) D:13
 Depths (0/4) D:15          IceCv (visited)

Altars:
Ashenzari
Cheibriados
Dithmenos
Elyvilon
Fedhas
Gozag
Hepliaklqana
Kikubaaqudgha
Makhleb
Nemelex Xobeh
Okawaru
Qazlal
Ru
Sif Muna
Trog
Uskayaw
Vehumet
Wu Jian
Xom
Yredelemnul
Zin
The Shining One
Beogh

Shops:
Orc:2 !([*   Shoals:1 ?

Portals:
Trove: D:10 (give 8 scrolls of blinking)

Annotations:
D:13 exclusion: upstairs
Lair:6 2 exclusions


Innate Abilities, Weirdness & Mutations

Your serpentine skin is tough. (AC +5)
You have supernaturally acute eyesight. (SInv)
Armour fits poorly on your strangely shaped body.
Your system is resistant to poisons. (rPois)
You cover ground very slowly.
You can spit poison.
You can use your snake-like lower body to constrict enemies.


Message History

Vehumet accepts your kill.
Vehumet offers you knowledge of Conjure Ball Lightning.
You feel your power returning.
You hear a splash. x2
The merfolk javelineer seems to burn from within!
The merfolk javelineer is moderately wounded.
The merfolk aquamancer seems to burn from within!!
The merfolk aquamancer is heavily wounded.
The merfolk javelineer throws a javelin.
The javelin pierces through you!!
* * * LOW HITPOINT WARNING * * *
The merfolk aquamancer is engulfed in a cloud of scalding steam.
The merfolk aquamancer points at you and mumbles some strange words.
The shard of ice hits you!!
You feel a painful chill!
* * * LOW HITPOINT WARNING * * *
As you read the scroll of fear, it crumbles to dust.
You assume a fearsome visage.
The merfolk javelineer resists with some effort.
The merfolk aquamancer looks frightened!
The merfolk javelineer looks frightened!
The merfolk javelineer throws a javelin.
The javelin pierces through you!
* * * LOW HITPOINT WARNING * * *
The merfolk javelineer is engulfed in a cloud of scalding steam.
The merfolk aquamancer mumbles some strange words.
The merfolk aquamancer blinks!
As you read the scroll of teleportation, it crumbles to dust.
You feel strangely unstable.
The merfolk javelineer throws a javelin.
The javelin pierces through you.
* * * LOW HITPOINT WARNING * * *
The merfolk aquamancer mumbles some strange words.
The merfolk aquamancer blinks!
The merfolk aquamancer gives up.
The merfolk aquamancer casts a spell at you.
The ball of steam hits you. You resist.
* * * LOW HITPOINT WARNING * * *
The merfolk javelineer throws a javelin.
The javelin pierces through you!
You die...

......≈≈........≈≈.
..........<.≈≈≈.........
.........................
≈...........m............
≈............§...........
≈.............§.....?....
≈.....).......§..........
≈≈.............§......#
≈≈≈.............@...# .
≈≈P(.P...#####§.§..#..#.
≈P≈≈≈...##≈≈≈##....)≈≈≈≈#
≈≈PPP≈≈≈#≈≈≈≈.#≈≈≈#§#≈m≈≈
≈≈≈≈≈P≈≈')≈≈≈.#≈≈≈#≈≈≈≈≈#
≈≈≈≈≈≈≈÷#≈≈≈≈≈#≈≈≈# ≈#≈#m
≈≈≈≈≈≈≈≈##≈≈≈##≈≈≈# ≈≈ ≈≈
≈≈≈≈≈≈≈≈≈#####≈≈≈≈≈ ≈≈ #
≈≈≈≈≈≈≈≈≈ ≈≈≈≈≈≈≈ #≈≈


You could see a merfolk javelineer.

Vanquished Creatures
  Rupert (D:12)
  Jorgrun (Orc:1)
  A titan (Shoals:3)
  Kirke (Lair:6)
  Gastronok (Lair:2)
  Ilsuiw (Shoals:4)
  A frost giant (Shoals:3)
  An orc warlord (Orc:2)
  Azrael (D:12)
  2 merfolk javelineers
  7 merfolk impalers
  Josephine (D:15)
  Harold (Orc:1)
  Erolcha (D:12)
  A vault guard (D:13)
  4 boulder beetles
  A merfolk avatar (Shoals:1)
  13 hydras
  3 catoblepae
  Erica (D:8)
  6 centaur warriors
  4 two-headed ogres
  A satyr (Shoals:4)
  2 alligator snapping turtles
  5 death yaks (Lair:3)
  3 tengu warriors
  5 orc high priests (Orc:2)
  A skeletal warrior (D:15)
  7 sea snakes
  3 lindwurms
  2 wizards
  5 harpies (Shoals:4)
  Pikel (D:9)
  7 orc knights
  2 necromancers
  3 orc sorcerers
  12 ugly things
  A deep elf pyromancer (D:14)
  3 fauns (Shoals:1)
  10 cyclopes
  10 merfolk sirens
  13 manticores
  3 elephants (Lair:3)
  6 black mambas
  Maurice (D:9)
  5 water nymphs
  2 ice statues (IceCv)
  15 cane toads
  A gargoyle (D:12)
  4 rime drakes
  9 komodo dragons
  A demonic crawler (Lair:5)
  4 kobold demonologists (D:10)
  2 tengu conjurers
  2 freezing wraiths
  An entropy weaver simulacrum (IceCv)
  A guardian mummy (D:10)
  5 meliai
  6 trolls
  A jumping spider (shapeshifter) (D:13)
  3 jumping spiders (Lair:4)
  21 merfolk
  4 wind drakes
  A hornet (shapeshifter) (D:9)
  A harpy zombie (D:15)
  A snapping turtle (shapeshifter) (D:15)
  6 polar bears
  22 blink frogs
  Prince Ribbit (D:7)
  7 dream sheep
  4 snapping turtles
  4 slime creatures (D:14)
  A shadow (D:9)
  6 water elementals
  5 wraiths
  3 redbacks (Lair:4)
  Sigmund (D:2)
  6 wyverns
  Grum (D:9)
  A vampire (D:12)
  A fire elemental (D:12)
  77 yaks
  A steam dragon (D:7)
  A golden eye (shapeshifter) (D:15)
  5 basilisks
  5 hogs (Lair:6)
  10 vampire mosquitoes
  A death yak simulacrum (IceCv)
  3 swamp worms (Lair:5)
  3 wargs (D:11)
  An acid dragon (D:12)
  7 hell hounds
  12 water moccasins
  A hornet zombie (D:6)
  A black bear (D:4)
  45 orc warriors
  A sky beast (D:6)
  5 ogres
  An ice beast (D:8)
  11 centaurs
  17 wolves
  A phantom (D:5)
  A kobold brigand (D:10)
  6 bullfrogs
  2 scorpions
  2 two-headed ogre simulacra (D:13)
  3 cane toad simulacra
  A wyvern skeleton (D:7)
  6 killer bees (D:13)
  An elephant simulacrum (D:13)
  4 wights
  5 howler monkeys
  2 electric eels
  5 centaur zombies
  A quasit (D:5)
  5 hounds
  A jelly (D:5)
  Crazy Yiuf (D:2)
  A gnoll shaman (D:8)
  29 orc priests
  A bullfrog skeleton (D:6)
  3 centaur skeletons
  3 iguanas
  Terence (D:2)
  Natasha (thrice) (D:2)
  18 orc wizards
  4 yak simulacra (Lair:2)
  4 polar bear simulacra
  4 wolf simulacra (Lair:2)
  A howler monkey zombie (D:6)
  7 gnolls (D:8)
  7 adders
  2 naga simulacra (D:13)
  A shadow imp (D:8)
  An ufetubus (D:4)
  An adder skeleton (D:4)
  2 worms (D:2)
  4 dart slugs
  80 orcs
  8 ball pythons
  3 endoplasms
  4 giant cockroaches
  7 goblins
  5 hobgoblins
  4 quokkas
  9 bats
  5 frilled lizards
  A goblin skeleton (D:5)
  A goblin zombie (D:5)
  12 kobolds
  A kobold zombie (D:5)
  An orc skeleton (D:5)
  An orc zombie (D:5)
  6 rats
  A river rat simulacrum (Lair:2)
820 creatures vanquished.

Vanquished Creatures (others)
  A human (Lair:6)
  23 fungi
  87 plants
111 creatures vanquished.

Grand Total: 931 creatures vanquished

Notes
Turn   | Place    | Note
-------+----------+-------------------------------------------
     0 | D:1      | barkas the Naga Venom Mage began the quest for the Orb.
     0 | D:1      | Reached XP level 1. HP: 15/15 MP: 3/3
   286 | D:1      | Reached XP level 2. HP: 24/24 MP: 5/5
   488 | D:1      | Reached skill level 1 in Fighting
   682 | D:1      | Reached XP level 3. HP: 31/31 MP: 6/6
  1348 | D:2      | Found a runed translucent door.
  1349 | D:2      | Noticed Crazy Yiuf
  1567 | D:2      | Noticed Natasha
  1570 | D:2      | Killed Natasha
  1571 | D:2      | Reached skill level 5 in Poison Magic
  1571 | D:2      | Reached XP level 4. HP: 39/39 MP: 4/7
  1574 | D:2      | Reached skill level 2 in Fighting
  1739 | D:2      | Noticed Terence
  1745 | D:2      | Killed Terence
  1746 | D:2      | Reached skill level 5 in Stealth
  1746 | D:2      | Reached XP level 5. HP: 13/45 MP: 5/8
  2070 | D:2      | Noticed Sigmund
  2078 | D:2      | Killed Sigmund
  2079 | D:2      | Reached skill level 3 in Fighting
  2079 | D:2      | Reached XP level 6. HP: 48/56 MP: 3/9
  2295 | D:2      | Noticed Natasha
  2301 | D:2      | Killed Natasha
  2316 | D:2      | Noticed Natasha
  2323 | D:2      | Killed Natasha
  2411 | D:2      | Killed Crazy Yiuf
  2723 | D:3      | Found a blossoming altar of Fedhas.
  3096 | D:3      | You fall into a shaft and drop 3 floors!
  3286 | D:6      | Reached XP level 7. HP: 56/63 MP: 4/10
  3435 | D:6      | Learned a level 2 spell: Poisonous Vapours
  3440 | D:6      | Learned a level 4 spell: Olgreb's Toxic Radiance
  3444 | D:6      | Learned a level 3 spell: Mephitic Cloud
  3556 | D:6      | Reached skill level 4 in Fighting
  3793 | D:5      | Entered Level 5 of the Dungeon
  3834 | D:4      | Reached skill level 1 in Conjurations
  3834 | D:4      | Reached skill level 1 in Air Magic
  4297 | D:4      | Reached XP level 8. HP: 66/72 MP: 11/11
  5645 | D:4      | Found a staircase to the Ecumenical Temple.
  5694 | Temple   | Entered the Ecumenical Temple
  5964 | Temple   | Became a worshipper of Vehumet
  6127 | D:5      | Found a stormy altar of Qazlal.
  6768 | D:5      | Found a sparkling altar of Nemelex Xobeh.
  7058 | D:5      | Found a glowing golden altar of the Shining One.
  7318 | D:6      | Reached skill level 5 in Fighting
  7449 | D:6      | Found an iron altar of Okawaru.
  7634 | D:6      | Reached XP level 9. HP: 81/81 MP: 7/14
  9237 | D:7      | Noticed Prince Ribbit
  9248 | D:7      | Killed Prince Ribbit
  9249 | D:7      | Reached skill level 6 in Fighting
  9249 | D:7      | Reached skill level 10 in Stealth
  9882 | D:8      | Noticed Erica
 10121 | D:7      | Reached * piety under Vehumet
 10121 | D:7      | Offered knowledge of Sandblast by Vehumet.
 10331 | D:8      | Killed Erica
 10332 | D:8      | Reached skill level 5 in Spellcasting
 10332 | D:8      | Reached XP level 10. HP: 62/92 MP: 8/17
 10446 | D:8      | Reached skill level 10 in Poison Magic
 10452 | D:8      | Learned a level 3 spell: Ignite Poison
 10868 | D:8      | Reached skill level 1 in Fire Magic
 11215 | D:8      | Found a glowing silver altar of Zin.
 11544 | D:9      | Noticed Grum
 11560 | D:9      | Killed Grum
 11561 | D:9      | Reached skill level 7 in Fighting
 11772 | D:9      | Noticed a two-headed ogre
 11781 | D:9      | Killed a two-headed ogre
 12260 | D:9      | Offered knowledge of Searing Ray by Vehumet.
 12263 | D:9      | Reached ** piety under Vehumet
 12275 | D:9      | Reached XP level 11. HP: 67/103 MP: 9/20
 12306 | D:9      | Noticed Pikel
 12315 | D:9      | Killed Pikel
 12316 | D:9      | Reached skill level 8 in Fighting
 12655 | D:9      | Found a broken altar of Ashenzari.
 12774 | D:9      | Noticed Maurice
 12782 | D:9      | Killed Maurice
 13189 | D:10     | Entered Level 10 of the Dungeon
 13612 | D:10     | Learned a level 4 spell: Sticky Flame
 13871 | D:10     | Found a portal to a secret trove of treasure.
 14026 | D:10     | Noticed a manticore
 14034 | D:10     | Killed a manticore
 14035 | D:10     | Reached skill level 9 in Fighting
 14329 | D:10     | Offered knowledge of Inner Flame by Vehumet.
 14822 | D:11     | Noticed a cyclops
 14829 | D:11     | Killed a cyclops
 14980 | D:11     | Noticed a cyclops
 15000 | D:11     | Killed a cyclops
 15000 | D:11     | Reached *** piety under Vehumet
 15082 | D:11     | Identified the +1 fire dragon scales of Darkness {rF++ rC-
                  | Int+5}
 15108 | D:11     | Noticed a cyclops
 15170 | D:11     | Found a broken altar of Ashenzari.
 15172 | D:11     | Killed a cyclops
 15179 | D:11     | Noticed a two-headed ogre
 15185 | D:11     | Reached skill level 15 in Stealth
 15185 | D:11     | Reached XP level 12. HP: 108/116 MP: 6/21
 15357 | D:11     | Found a staircase to the Lair.
 15581 | D:11     | Killed a two-headed ogre
 15582 | D:11     | Reached skill level 5 in Fire Magic
 15961 | Lair:1   | Entered Level 1 of the Lair of Beasts
 16246 | Lair:1   | Reached skill level 10 in Fighting
 16365 | Lair:1   | Offered knowledge of Fulminant Prism by Vehumet.
 17262 | Lair:2   | Noticed Gastronok
 17271 | Lair:2   | Killed Gastronok
 17271 | Lair:2   | Reached **** piety under Vehumet
 17272 | Lair:2   | Reached skill level 11 in Fighting
 17416 | Lair:2   | Offered knowledge of Iskenderun's Battlesphere by Vehumet.
 17497 | Lair:2   | Noticed a seven-headed hydra
 17504 | Lair:2   | Killed a seven-headed hydra
 17847 | Lair:2   | Reached skill level 12 in Fighting
 17847 | Lair:2   | Gained mutation: You can use your snake-like lower body to
                  | constrict enemies. [Naga growth]
 17847 | Lair:2   | Reached XP level 13. HP: 129/129 MP: 20/22
 17930 | Lair:2   | Learned a level 5 spell: Iskenderun's Battlesphere
 18136 | Lair:3   | Reached skill level 5 in Conjurations
 18921 | Lair:3   | Reached skill level 13 in Fighting
 20143 | Lair:4   | Reached skill level 5 in Dodging
 20290 | Lair:4   | Found a hole to the Spider Nest.
 20815 | Lair:4   | Found a staircase to the Shoals.
 21368 | Lair:4   | Reached ***** piety under Vehumet
 21369 | Lair:4   | Reached XP level 14. HP: 128/141 MP: 23/23
 21673 | Lair:5   | Offered knowledge of Hailstorm by Vehumet.
 22127 | Lair:5   | Reached skill level 1 in Shields
 22955 | Lair:5   | Found a staircase to the Slime Pits.
 23303 | Lair:5   | Reached skill level 14 in Fighting
 23640 | Lair:6   | Entered Level 6 of the Lair of Beasts
 24116 | Lair:6   | Noticed Kirke
 24298 | Lair:6   | Killed Kirke
 24369 | Lair:6   | Reached skill level 5 in Shields
 25004 | Lair:6   | Offered knowledge of Irradiate by Vehumet.
 26122 | D:12     | You fall into a shaft and drop 1 floor!
 26145 | D:13     | Reached XP level 15. HP: 152/152 MP: 10/24
 26181 | D:12     | Noticed Rupert
 26258 | D:13     | Found a frozen archway.
 26327 | IceCv    | Entered an ice cave
 26652 | IceCv    | Found a transporter.
 26658 | IceCv    | Found a transporter.
 26685 | IceCv    | Reached skill level 15 in Fighting
 26686 | IceCv    | Identified the +7 whip "Lifebane" {spect, *Slow Will+++
                  | Dex-3 SInv}
 27144 | D:13     | Found a gate to the Vaults.
 27684 | D:12     | Found a staircase to the Orcish Mines.
 27687 | D:12     | Offered knowledge of Fireball by Vehumet.
 27905 | D:12     | Noticed Erolcha
 27910 | D:12     | Learned a level 5 spell: Fireball
 27912 | D:12     | Killed Erolcha
 28221 | D:12     | Paralysed by Rupert for 7 turns
 28511 | Orc:1    | Entered Level 1 of the Orcish Mines
 28976 | Orc:1    | Noticed Harold
 28980 | Orc:1    | Killed Harold
 29231 | Orc:2    | Entered Level 2 of the Orcish Mines
 29231 | Orc:2    | Noticed an orc warlord
 29231 | Orc:2    | Found a staircase to the Elven Halls.
 29237 | Orc:2    | Killed an orc warlord
 29378 | Orc:2    | Offered knowledge of Lee's Rapid Deconstruction by Vehumet.
 30022 | Orc:2    | Offered knowledge of Orb of Destruction by Vehumet.
 30345 | Orc:2    | Found Zurib's Distillery.
 30346 | Orc:2    | Found Vuhudur's Armour Shoppe.
 30346 | Orc:2    | Found Runiulid's Antique Weapon Emporium.
 30347 | Orc:2    | Found Pukhorho's General Store.
 30357 | Orc:2    | Bought a potion of curing for 42 gold pieces
 30357 | Orc:2    | Bought a potion of heal wounds for 70 gold pieces
 30357 | Orc:2    | Bought a potion of haste for 140 gold pieces
 30357 | Orc:2    | Bought a potion of invisibility for 112 gold pieces
 30551 | Orc:1    | Noticed Jorgrun
 30568 | Orc:1    | Killed Jorgrun
 30965 | Orc:2    | Bought a +2 pair of gloves for 231 gold pieces
 31188 | D:12     | Killed Rupert
 31591 | D:12     | Noticed Azrael
 31603 | D:12     | Killed Azrael
 32123 | D:14     | You fall into a shaft and drop 1 floor!
 32123 | D:15     | Entered Level 15 of the Dungeon
 32330 | D:14     | Reached XP level 16. HP: 152/165 MP: 22/27
 33209 | D:14     | Reached skill level 16 in Fighting
 33721 | D:14     | Identified the +5 plate armour of Divine Fun {Harm Dex+7
                  | SInv}
 34475 | D:15     | Noticed Josephine
 34759 | D:15     | Reached skill level 10 in Shields
 34763 | D:15     | Killed Josephine
 35877 | D:15     | Found a staircase to the Depths.
 35950 | D:15     | Identified a scroll of acquirement
 35956 | D:15     | Acquired the Papyrus of Ignition
 36278 | Shoals:1 | Entered Level 1 of the Shoals
 36278 | Shoals:1 | Found Esuneom's Magic Scroll Emporium.
 36290 | Shoals:1 | Bought a scroll of teleportation for 45 gold pieces
 36290 | Shoals:1 | Bought a scroll of teleportation for 45 gold pieces
 36291 | Shoals:1 | Bought 2 scrolls of identify for 60 gold pieces
 36719 | Shoals:1 | Offered knowledge of Spellforged Servitor by Vehumet.
 36759 | Shoals:1 | Learned a level 7 spell: Spellforged Servitor
 36775 | Shoals:1 | Reached skill level 1 in Summonings
 38168 | Shoals:2 | Reached skill level 5 in Summonings
 39126 | Shoals:3 | Reached XP level 17. HP: 86/172 MP: 22/29
 39436 | Shoals:3 | Noticed a titan
 39466 | Shoals:3 | Killed a titan
 39960 | Shoals:3 | Reached skill level 1 in Axes
 40224 | Shoals:4 | Entered Level 4 of the Shoals
 40524 | Shoals:4 | Identified the +5 dagger of Hospitality {antimagic, Int+3
                  | Dex+2 Stlth+}
 40822 | Shoals:4 | Noticed Ilsuiw
 40827 | Shoals:4 | Killed Ilsuiw
 40827 | Shoals:4 | Offered knowledge of Conjure Ball Lightning by Vehumet.
 40830 | Shoals:4 | Hit by a javelin thrown by a merfolk javelineer

Illustrated notes

Levels and vault maps discovered:
D:1:      onia_arrival_mini_maze_b, layout_loops_ring
D:2:      layout_basic, hangedman_feature_mirror, uniq_crazy_yiuf_cottage,
          uniq_terence, uniq_natasha, uniq_sigmund
D:3:      layout_loops_cross, fedhas_ov_isle_minmay, wad_orctagon
D:4:      layout_basic, minmay_temple_entry_poolview, st_stairs_14
D:5:      layout_basic, overflow_temple_1_default, grunt_qazlal_sundering,
          nicolae_tso_besieged_by_evil, eino_tiny_chamber
D:6:      layout_layer_cave, nicolae_overflow_crystal_walls
D:7:      layout_layer_cave, uniq_prince_ribbit1
D:8:      layout_loops_corners, lemuel_crystal_altar, mrwooster_statue_mirror,
          uniq_erica
D:9:      layout_irregular_city, mainiacjoe_overflow_six_doors_small,
          minmay_misc_feat_four_crosses, uniq_maurice, uniq_grum, uniq_pikel
D:10:     layout_loops_ring, nicolae_trove_entry_path_of_doom,
          minmay_misc_feat_five
D:11:     layout_rooms, erik_lair_orcish_takeover, ashenzari_altar_1
D:12:     layout_irregular_city, minmay_orc_entry_temple_small, uniq_azrael,
          uniq_rupert, uniq_erolcha
D:13:     layout_cross, david_vaults_5, portal_ice_cave_entry_ice_simulacra,
          drop_trap, eino_jars
D:14:     layout_roguey, serial_co_window_serial, co_window_paths_a,
          co_window_paths_b, co_window_corner_a, co_window_paths_b,
          co_window_corner_a, co_window_paths_b, co_window_paths_c,
          co_window_2corner, co_window_unsneaky_path_d, co_window_broadway_b,
          co_window_unsneaky_path_a, co_window_4corner_a, glass_columns_a,
          glass_columns_c, glass_columns_b
D:15:     grunt_enter_depths_magical_seal, layout_stronghold,
          kennysheep_four_rooms, uniq_josephine
Temple:   regret_index_temple_generic_petals
Lair:1:   layout_cave_shapes, infiniplex_staircase_pool_2
Lair:2:   layout_concentric_octagons, st_stairs_3, eino_house_with_fridge,
          uniq_gastronok
Lair:3:   layout_loops_ring, grunt_megastairs_4, lemuel_fruit_fields,
          serial_bayou_shore_a
Lair:4:   layout_regular_city, elwin_shoals_entry_rooms,
          nicolae_spider_entry_tight_spaces, grunt_megastairs_5
Lair:5:   layout_hall_layers, slime_dummy, eino_small_chamber_without_monster,
          worms_lemuel
Lair:6:   cheibrodos_lair_end_hotspot, layout_regular_city,
          nicolae_quartered_pool_super, uniq_kirke
Shoals:1: layout_shoals, serial_shops, shop_statue
Shoals:2: layout_shoals
Shoals:3: cheibrodos_shoals_gigantism, layout_shoals,
          nicolae_shoals_elemental_ambush
Shoals:4: shoals_end_simple, layout_shoals, shoals_ilsuiw_alternative,
          serial_shops, shop
Orc:1:    layout_caves, nicolae_orc_rockfall, uniq_harold, uniq_jorgrun
Orc:2:    st_orc_pillars, layout_caves

Skill      XL: |  1  2  3  4  5  6  7  8  9 10 11 12 13 14 15 16 17 |
---------------+----------------------------------------------------+-----
Fighting       | 1 2 3 4 5 6 7 9 12 13 14 15 16 | 16.4
Stealth        | 4 5 6 7 9 11 12 15 | 15.0
Poison Magic   | 5 6 7 8 9 11 13 | 13.0
Conjurations   | 2 3 4 7 8 9 |  9.5
Air Magic      | 2 3 |  3.0
Spellcasting   | 3 5 6 7 8 |  8.0
Fire Magic     | 4 8 9 |  9.5
Transmutations | 2 |  2.0
Dodging        | 5 6 |  6.0
Shields        | 6 9 10 | 10.6
Summonings     | 6 7 |  7.9
Axes           | 3 |  3.3

Action                   |  1- 3 |  4- 6 |  7- 9 | 10-12 | 13-15 | 16-18 || total
-------------------------+-------+-------+-------+-------+-------+-------++-------
Melee: Unarmed           |     3 |       |       |       |       |       ||     3
       Dagger            |    17 |    24 |   199 |   232 |   456 |   148 ||  1076
       Constrict         |       |       |       |       |   110 |    33 ||   143
       Whip              |       |       |       |       |     3 |       ||     3
Throw: Dart              |       |     1 |     2 |    10 |    27 |     2 ||    42
 Cast: Sting             |    30 |    47 |    67 |     8 |    18 |       ||   170
       Poisonous Vapours |       |       |    29 |    48 |   183 |   193 ||   453
       Mephitic Cloud    |       |       |     9 |    24 |    29 |     3 ||    65
       Olgreb's Toxic Ra |       |       |     3 |    39 |    76 |    26 ||   144
       Ignite Poison     |       |       |       |    30 |   114 |   108 ||   252
       Sticky Flame      |       |       |       |    16 |    51 |     7 ||    74
       Iskenderun's Batt |       |       |       |       |     3 |       ||     3
       Fireball          |       |       |       |       |     3 |    44 ||    47
 Abil: Spit Poison       |    34 |    17 |    48 |     8 |     1 |       ||   108
Evoke: Wand              |       |       |     1 |    13 |    16 |     6 ||    36
       Condenser vane    |       |       |       |       |     2 |       ||     2
  Use: Scroll            |       |       |     6 |     6 |    12 |    11 ||    35
       Potion            |       |       |     6 |       |     3 |     2 ||    11
 Stab: Sleeping          |       |     1 |     4 |     3 |    13 |     1 ||    22
       Confused          |       |       |     2 |     6 |     1 |     1 ||    10
       Paralysed         |       |       |       |     2 |       |       ||     2
       Petrified         |       |       |       |       |     2 |       ||     2
       Distracted        |       |       |       |       |     1 |       ||     1
       Invisible         |       |       |       |       |       |     1 ||     1
Armor: Robe              |     6 |    18 |   108 |   102 |   264 |       ||   498
       Steam dragon scal |       |       |     9 |     2 |       |       ||    11
       Fire dragon scale |       |       |       |       |    29 |   126 ||   155
       Skin              |       |       |       |       |    12 |       ||    12
Dodge: Dodged            |    12 |    22 |   119 |   158 |   478 |   113 ||   902
Block: Kite shield       |       |       |       |       |   120 |   157 ||   277

Table legend: (Time is in decaauts)
 A = Elapsed time spent in this place.
 B = Non-inter-level travel time spent in this place.
 C = Inter-level travel time spent in this place.
 D = Time resting spent in this place.
 E = Time spent auto-exploring this place.
 F = Levels seen in this place.
 G = Mean time per level.
                   A        B        C        D        E       F      G
               +--------+--------+--------+--------+--------+-----+--------+
         Total |  48735 |  46320 |   2415 |   8667 |  30693 |  29 | 1680.5 |
       Dungeon |  27743 |  26250 |   1493 |   4727 |  17501 |  15 | 1849.5 |
        Temple |    413 |    347 |     66 |      0 |    333 |   1 |  413.0 |
          Lair |  11645 |  11190 |    455 |   2373 |   7247 |   6 | 1940.8 |
        Shoals |   5414 |   5286 |    128 |    775 |   3784 |   4 | 1353.5 |
  Orcish Mines |   2849 |   2577 |    272 |    489 |   1555 |   2 | 1424.5 |
      Ice Cave |    670 |    670 |      0 |    302 |    271 |   1 |  670.0 |
               +--------+--------+--------+--------+--------+-----+--------+

Top non-repeatable levels by time:
    D:15: 2836 daAuts
  Lair:5: 2738 daAuts
     D:6: 2571 daAuts
  Lair:4: 2485 daAuts
  Lair:6: 2374 daAuts
    D:12: 2351 daAuts
     D:8: 2112 daAuts
    D:14: 2071 daAuts
    D:11: 1997 daAuts
     D:2: 1990 daAuts
     D:4: 1828 daAuts
Shoals:3: 1803 daAuts
     D:7: 1783 daAuts
    D:10: 1746 daAuts
Shoals:2: 1729 daAuts
